 Dungeon Crawl Stone Soup version 0.30-a0-748-ge6a52f7cba (webtiles) character file.

Game seed: 2570204629856440605

73 boo the Insei (level 4, -2/35 HPs)
             Began as a Demonspawn Monk on Feb 9, 2023.
             Slain by an orc
             ... wielding a +0 dagger
              (3 damage)
             ... on level 3 of the Dungeon.
             The game lasted 00:02:29 (1666 turns).

boo the Insei (Demonspawn Monk)                     Turns: 1666, Time: 00:02:29

Health: -2/35      AC:  3    Str: 13    XL:     4   Next: 8%
Magic:  4/4        EV: 12    Int: 12    God:
Gold:   139        SH:  0    Dex: 15    Spells: 3/3 levels left

rFire   . . .      SeeInvis .      - Unarmed
rCold   . . .      Faith    .    (no shield)
rNeg    . . .      Spirit   .    e - +0 leather armour
rPois   .          Reflect  .    (no helmet)
rElec   .          Harm     .    (no cloak)
rCorr   .          Rampage  .    (no gloves)
Will    .....                    (no boots)
Stlth   ++                       (no amulet)
HPRegen 0.25/turn                (no ring)
MPRegen 0.09/turn                (no ring)

@: lethally poisoned (-2 -> -8)
A: ignite blood 1
a: no special abilities


You were on level 3 of the Dungeon.
You visited 1 branch of the dungeon, and saw 3 of its levels.

You collected 139 gold pieces.

Inventory:

Armour
 a - a +0 robe
 e - a +0 leather armour (worn)
Scrolls
 c - a scroll of fog {unknown}
 f - a scroll of brand weapon {unknown}
 g - a scroll of vulnerability {unknown}
 h - 8 scrolls of identify {unknown}
 j - 3 scrolls of silence {unknown}
 k - a scroll of amnesia {unknown}
 m - a scroll of teleportation {unknown}
 q - a scroll of enchant armour {unknown}
 r - a scroll of magic mapping {unknown}
Potions
 b - a potion of ambrosia
 d - a potion of resistance {unknown}
 i - 2 potions of brilliance {unknown}
 l - a potion of experience {unknown}
 n - 2 potions of flight {unknown}
 o - a potion of lignification {unknown}
 p - a potion of magic {unknown}
 s - a potion of curing {unknown}


   Skills:
 + Level 3.5 Fighting
 + Level 3.2 Dodging
 - Level 1.7 Stealth
 * Level 3.7 Unarmed Combat


You had 3 spell levels left.
You didn't know any spells.
Your spell library was empty.

Dungeon Overview and Level Annotations

Branches:
Dungeon (3/15)

Altars:

Shops:
D:2 ?


Innate Abilities, Weirdness & Mutations

Your demonic aura sometimes causes spilled blood to erupt in flames.


Message History

You hit the orc.
The orc is almost dead.
The orc priest shouts!
You hit the orc but do no damage.
The orc is almost dead.
An orc comes into view. It is wielding a +0 dagger.
The orc hits you with a +0 club.
You hit the orc.
You kill the orc!
Found 2 ruby potions and 3 gold pieces.
An orc wizard comes into view. It is wielding a +0 dagger of venom.
The orc priest looks braver for a moment.
The orc wizard shouts!
The orc barely misses you. The orc attacks as you move away!
The orc hits you with a +0 dagger. The orc wizard casts a spell at you.
You are confused.
The orc priest attacks as you move away!
The orc priest barely misses you.
Found a stone staircase leading up.
The orc wizard gestures wildly while chanting.
The orc wizard flickers and vanishes!
Deactivating autopickup; reactivate with Ctrl-A.
You miss the orc priest.
The orc priest invokes the aid of Beogh against you.
Beogh smites you! The orc closely misses you.
You bump into the rock wall.
The orc priest begins to cast a cantrip, but forgets the words!
The orc hits you with a +0 dagger. Something hits you but does no damage.
You are poisoned.
You feel very sick.
You hit something but do no damage.
You feel less confused.
You feel sick.
You hear some strange, mumbled words.
Something tries to affect you, but you resist.
The orc priest mumbles some strange prayers to Beogh against you.
Beogh smites you!
* * * LOW HITPOINT WARNING * * *
The orc hits you with a +0 dagger.
You die...

.#.#.. ####.#
....####.# ##.....
......#[#.##....#
..#####...#.#.#.##..###
...................†#
...#####.#.....#.#...#
.......o.............#
.
##.####{o........#.#.#
. #@#...)......#.#..
#.#..........#.#..
..#.#............#
............#.#..##
.##.#<..###.##...##
.....#.#.###.##>####.
<..!..#.#.#...........
.. $.....#.#.#.#.......
.# #.#.#.#.......


You could see an orc priest and an orc.

Vanquished Creatures
  2 adders (D:2)
  2 dart slugs
  A worm (D:3)
  An orc (D:3)
  6 endoplasms
  6 giant cockroaches
  4 hobgoblins
  3 quokkas
  3 ball pythons
  2 bats
  4 frilled lizards (D:2)
  2 goblins (D:1)
  3 kobolds
  7 rats (D:1)
46 creatures vanquished.

Vanquished Creatures (others)
  A ball python (D:2)
  3 plants (D:2)
4 creatures vanquished.

Grand Total: 50 creatures vanquished

Notes
Turn   | Place    | Note
-------+----------+-------------------------------------------
     0 | D:1      | boo the Demonspawn Monk began the quest for the Orb.
     0 | D:1      | Reached XP level 1. HP: 18/18 MP: 1/1
   132 | D:1      | Gained mutation: Your demonic aura sometimes causes spilled
                  | blood to erupt in flames. [demonic ancestry]
   132 | D:1      | Reached XP level 2. HP: 13/24 MP: 2/2
   510 | D:1      | Reached XP level 3. HP: 29/29 MP: 3/3
   890 | D:2      | Found Dicw's Magic Scroll Shop.
  1571 | D:3      | Reached XP level 4. HP: 29/35 MP: 4/4
  1666 | D:3      | HP: 1/35 [orc priest/divine providence (11)]
  1666 | D:3      | Slain by an orc

Illustrated notes

Levels and vault maps discovered:
D:1:      dpeg_arrival_rooms_with_view, layout_rooms
D:2:      cheibrodos_old_hovel, layout_loops_ring, serial_shops, shop,
          hex_medium
D:3:      layout_basic, mainiacjoe_overflow_brackets

Skill      XL: |  1  2 |
---------------+-------+-----
Unarmed Combat | 3 |  3.7
Dodging        | 3 |  3.2
Fighting       | |  3.5
Stealth        | |  1.7

Action                     |  1- 3 |  4- 6 || total
---------------------------+-------+-------++-------
  Melee: Unarmed           |   160 |    12 ||   172
         Punch             |     1 |       ||     1
   Stab: Sleeping          |     8 |       ||     8
 Armour: Leather armour    |    25 |     1 ||    26
  Dodge: Dodged            |    90 |     5 ||    95

Table legend: (Time is in decaauts)
 A = Elapsed time spent in this place.
 B = Non-inter-level travel time spent in this place.
 C = Inter-level travel time spent in this place.
 D = Time resting spent in this place.
 E = Time spent auto-exploring this place.
 F = Levels seen in this place.
 G = Mean time per level.
                   A        B        C        D        E       F      G
               +--------+--------+--------+--------+--------+-----+--------+
         Total |   1654 |   1606 |     48 |    230 |    969 |   3 |  551.3 |
       Dungeon |   1654 |   1606 |     48 |    230 |    969 |   3 |  551.3 |
               +--------+--------+--------+--------+--------+-----+--------+

Top non-repeatable levels by time:
     D:2: 806 daAuts
     D:1: 640 daAuts
     D:3: 207 daAuts
